[Event "Live Chess"]
[Site "Chess.com"]
[Date "2023.05.20"]
[Round "-"]
[White "TheSmoulderingMaster"]
[Black "Ferrarifan27"]
[Result "1/2-1/2"]
[WhiteElo "1731"]
[BlackElo "2071"]
[TimeControl "300"]
[EndTime "12:29:10 PDT"]
[Termination "Game drawn by agreement"]

1. e4 e5 2. Nf3 Nc6 3. Bb5 a6 4.
Ba4 Nf6 5. O-O Be7 6. c3 Nxe4 7. Re1 Nc5 8. Bc2 d6 9. d4 exd4 10. cxd4 Nd7 11. Nc3 O-O 12. Re4 Nf6 13. Rh4 g6 14. Ng5 Nh5 15. Rxh5 Nb4 16. Bb1 f5 17. Qb3+ d5 18. a3 gxh5 19. axb4 Bxg5 20. Nxd5 Be6 21. Ba2 Bxc1 22. Rxc1 c6 23. Qg3+ Kh8 24. Qe5+ Kg8 25.
Qxe6+ Kg7 26. Ne7 f4 27. Nf5+ Kh8 28. Qe5+ Qf6 29. Qxf6+ Rxf6 30. Ne7 Re8 31. Re1 Rd6 32. Bf7 Rf8 33. Bxh5 Rxd4 34. h3 Rxb4 35. Re6 Rxb2 36. Bg4 a5 37. Nf5 Rb5 38. Re7 Rbxf5 39. Bxf5 Rxf5 40.
Rxb7 Rb5 41. Ra7 Kg8 42. Kf1 h5 43. Ke2 Kf8 44. Kf3 Rf5 45. Ra6 Rc5 46. Kxf4 Ke7 47. g4 hxg4 48. hxg4 Kd6 49. g5 Ke6 50. Kg4 Rc4+ 51. f4 a4 52. g6 Kf6 53. Kh5 Rxf4 54. Rxc6+ Kg7 55. Rc7+ Kg8 56. Rc8+ Kg7 57. Rc7+ Kg8 58.
Ra7 Rb4 59. Kg5 Rb5+ 60. Kf6 Rb6+ 61. Kg5 Rb5+ 62. Kh6 Rb8 63. Rxa4 Rc8 64. Ra7 Rb8 65. Rg7+ Kh8 66. Rh7+ Kg8 67. Rd7 Ra8 68. Rd6 Rb8 69.
g7 Ra8 70. Rf6 Rb8 71. Ra6 Rc8 1/2-1/2

[Event "Live Chess"]
[Site "Chess.com"]
[Date "2023.05.20"]
[Round "-"]
[White "OleksiyJr1"]
[Black "whitedjohn"]
[Result "0-1"]
[WhiteElo "933"]
[BlackElo "1662"]
[TimeControl "300"]
[EndTime "12:29:14 PDT"]
[Termination "whitedjohn won by resignation"]

1. e4 Nf6 2. Nc3 d5 3. e5 Nfd7 4. d4 e6 5. Nf3 c5 6. Be3 Nc6 7. Ne2 Qb6 8. Rb1 cxd4 9. Nexd4 Qa5+ 10. Bd2 Qxa2 11. Nxc6 bxc6 12. Bd3 Qa4 13. b3 Qg4 14.
O-O Be7 15. h3 Qh5 16. Be2 h6 17. Nd4 Qxe5 18. Bc3 Qc7 19. Nf3 Bf6 20. Bxf6 Nxf6 21. c4 O-O 22. Re1 a5 23. Ne5 Ne4 24. Bf3 Nc3 25. Qc2 Nxb1 26. Qxb1 Ba6 27. cxd5 cxd5 28.
Rc1 Qxe5 29. Rc6 0-1

[Event "Live Chess"]
[Site "Chess.com"]
[Date "2023.05.20"]
[Round "-"]
[White "HugeManAmin"]
[Black "manthanit"]
[Result "0-1"]
[WhiteElo "1109"]
[BlackElo "994"]
[TimeControl "300"]
[EndTime "12:29:16 PDT"]
[Termination "manthanit won by resignation"]

1. e4 e6 2. d4 d5 3. Nc3 a6 4. Nf3 c5 5. Qe2 Nf6 6. exd5 Nxd5 7. Be3 Qb6 8. O-O-O Nc6 9. dxc5 Bxc5 10. Na4 Bxe3+ 11. fxe3 Qa5 12. Nc3 O-O 13. e4 Nxc3 14. bxc3 Qxc3 15. Qc4 Qa1+ 16. Kd2 Rd8+ 0-1

[Event "Live Chess"]
[Site "Chess.com"]
[Date "2023.05.20"]
[Round "-"]
[White "PiotrD11"]
[Black "AbilifyXL"]
[Result "0-1"]
[WhiteElo "1346"]
[BlackElo "1946"]
[TimeControl "300"]
[EndTime "12:29:17 PDT"]
[Termination "AbilifyXL won by resignation"]

1. e4 d5 2. exd5 Qxd5 3. Nc3 Qa5 4. d4 c6 5. Nf3 Nf6 6. Bd2 Bg4 7. Bc4 e6 8. Ne4 Qd8 9. c3 Nxe4 10. O-O Nd7 11. Bf4 Ndf6 12. h3 Bh5 13. Qd3 Bd6 14. Ne5 Bg6 15. Nxg6 hxg6 16. Bxd6 Nxd6 17. Bb3 Qc7 18.
Rad1 Nf5 19. a4 Ng4 20. f4 Nge3 21. Rde1 Nxf1 22. Rxf1 O-O 23. Bc2 Rad8 24. g4 Ne7 25. f5 exf5 26. gxf5 Nxf5 27. Rxf5 gxf5 28. Qxf5 g6 29. Qg5 Rd5 0-1

[Event "Live Chess"]
[Site "Chess.com"]
[Date "2023.05.20"]
[Round "-"]
[White "LL220284LL"]
[Black "sup3rm0nk3y"]
[Result "1-0"]
[WhiteElo "2401"]
[BlackElo "1320"]
[TimeControl "300"]
[EndTime "12:29:21 PDT"]
[Termination "LL220284LL won by checkmate"]

1. c4 c5 2. g3 Nc6 3. Bg2 e6 4.
Nf3 Bd6 5. O-O Nf6 6. Nc3 O-O 7. d4 cxd4 8. Nxd4 Re8 9. Ndb5 Bc7 10. Nxc7 Qxc7 11.
Nb5 Qd8 12. Nd6 Rf8 13. a3 Ne8 14. Bf4 Nxd6 15. Bxd6 Re8 16. b4 Ne7 17. g4 f5 18.
h3 fxg4 19. hxg4 a6 20. Qd3 Ra7 21. Be4 g6 22. Kg2 b5 23. Bc5 Rc7 24. cxb5 axb5 25. Bb6 d5 26. Rac1 dxe4 27. Qxd8 Rxd8 28. Bxc7 Rd2 29.
Bf4 Rxe2 30. Bg5 Nd5 31. Rxc8+ Kf7 32. Rh1 e3 33. Rxh7# 1-0

[Event "Live Chess"]
[Site "Chess.com"]
[Date "2023.05.20"]
[Round "-"]
[White "Stanbad1"]
[Black "gggoodgamebroski"]
[Result "1-0"]
[WhiteElo "2432"]
[BlackElo "507"]
[TimeControl "300"]
[EndTime "12:29:25 PDT"]
[Termination "Stanbad1 won by resignation"]

1. d4 d5 2. Nc3 e6 3. Bf4 c6 4.
e3 b5 5. Nf3 a6 6. Ne5 f5 7.
Qh5+ g6 8. Nxg6 Ne7 9. Ne5+ Ng6 10. Nxg6 hxg6 11. Qxh8 Qa5 12. Bd6 Nd7 13. Bxf8 Nxf8 14. Bd3 Bd7 15. Qe5 O-O-O 16. O-O Re8 17. a3 Qb6 18. b4 f4 19. Qxf4 1-0

[Event "Live Chess"]
[Site "Chess.com"]
[Date "2023.05.20"]
[Round "-"]
[White "Doge_Dandolo"]
[Black "AdamOwls"]
[Result "0-1"]
[WhiteElo "2005"]
[BlackElo "1958"]
[TimeControl "300"]
[EndTime "12:29:30 PDT"]
[Termination "AdamOwls won by resignation"]

1. Nf3 d5 2. c4 c6 3. g3 Nf6 4. Bg2 Bf5 5. Qb3 Qb6 6. d3 e6 7. Be3 Qc7 8. O-O Nbd7 9. Nc3 Be7 10. Rfc1 Nb6 11. Bf4 Qd7 12. Ne5 Qc8 13. cxd5 exd5 14. e4 dxe4 15. Qxf7+ Kd8 16. dxe4 Be6 17. Qxg7 Rg8 18.
Qxh7 Nxh7 0-1

[Event "Live Chess"]
[Site "Chess.com"]
[Date "2023.05.20"]
[Round "-"]
[White "worldchessleaguelive"]
[Black "BostonStrangler"]
[Result "0-1"]
[WhiteElo "1367"]
[BlackElo "2066"]
[TimeControl "300"]
[EndTime "12:29:34 PDT"]
[Termination "BostonStrangler won by resignation"]

1. d4 Nf6 2. Bf4 g6 3. Nf3 Bg7 4. e3 d6 5. Be2 O-O 6. O-O Nc6 7.
Nbd2 e5 8. dxe5 Nh5 9. Bg3 Nxg3 10. hxg3 Nxe5 11. Nxe5 dxe5 12. Nf3 Be6 13. Qxd8 Rfxd8 14. Rad1 f6 15. Rxd8+ Rxd8 16. Rd1 Rxd1+ 17. Bxd1 Kf7 18. b3 h6 19. c4 f5 20. Kf1 c5 21. Ke2 e4 22. Ne1 Be5 23. f4 Bc7 24. Nc2 Ba5 25.
Na3 a6 26. Nb1 Ke7 27. Nd2 Kd7 28. Nf1 Kc6 29. Nh2 h5 30. Nf1 Bc3 31. Nd2 Kb6 32. Nb1 Ba5 33. a3 Kc6 34. Bc2 b5 35. cxb5+ axb5 36. a4 bxa4 37. bxa4 Bc4+ 38. Kf2 Ba2 39. Ke2 c4 40. Nd2 Kc5 41. Kd1 Kb4 42. Bb1 Bxb1 43.
Nxb1 Kxa4 44. Kc2 Kb5 45. Na3+ Kc5 46. Kd1 Kb4 47. Nc2+ Kc3 48. Nd4 Kd3 49. Nc6 Bb6 50.
Ne5+ Kxe3 51. Nxc4+ Kf2 52. Nxb6 Kxg2 53. Ke2 Kxg3 54.
Nd5 h4 55. Kf1 h3 56. Kg1 Kf3 57. Kh2 e3 58. Nxe3 Kxe3 59. Kxh3 Kxf4 60. Kh4 Kf3 0-1

[Event "Live Chess"]
[Site "Chess.com"]
[Date "2023.05.20"]
[Round "-"]
[White "Fayn02"]
[Black "fretle"]
[Result "0-1"]
[WhiteElo "1009"]
[BlackElo "1866"]
[TimeControl "300"]
[EndTime "12:29:38 PDT"]
[Termination "fretle won by checkmate"]

1. d4 Nf6 2. Bf4 g6 3. Nf3 Bg7 4. e3 d5 5. Bd3 O-O 6. c3 Nbd7 7.
O-O c5 8. Nbd2 Nh5 9. Be5 Nxe5 10. Nxe5 f6 11. Nef3 e5 12. Bc2 e4 13. Ne1 cxd4 14.
cxd4 f5 15. Nb3 b6 16. Nd2 f4 17. exf4 Nxf4 18. a4 Ba6 19. b4 Bxf1 20. Kxf1 Bxd4 21. Rb1 Qh4 22. g3 Qh3+ 23. Ng2 Qxg2+ 24. Ke1 Qxf2# 0-1

[Event "Live Chess"]
[Site "Chess.com"]
[Date "2023.05.20"]
[Round "-"]
[White "ossie57"]
[Black "ChippyChill"]
[Result "1-0"]
[WhiteElo "1901"]
[BlackElo "422"]
[TimeControl "300"]
[EndTime "12:29:41 PDT"]
[Termination "ossie57 won by resignation"]

1. d4 d5 2. Nc3 Nf6 3. Bf4 Bf5 4. Nb5 Qd7 5. Nxc7+ Qxc7 6. Bxc7 e6 7. e3 b6 8. Bb5+ Nc6 9. Bxc6+ Ke7 10. Bxa8 Kd7 11. Be5 1-0

[Event "Live Chess"]
[Site "Chess.com"]
[Date "2023.05.20"]
[Round "-"]
[White "Duke_of_Bebington"]
[Black "BillythekidFellowes"]
[Result "1-0"]
[WhiteElo "1588"]
[BlackElo "2021"]
[TimeControl "300"]
[EndTime "12:29:42 PDT"]
[Termination "Duke_of_Bebington won on time"]

1. e4 Nc6 2. Nf3 d6 3. d4 Nf6 4. Bd3 g6 5. Be3 Bg7 6. c3 O-O 7. Nbd2 e5 8. O-O Bg4 9. Qb3 exd4 10. cxd4 Rb8 11. h3 Bd7 12. Rfe1 Kh8 13. Nf1 Ne7 14. Ng3 Ne8 15. e5 dxe5 16. Nxe5 Bxe5 17. dxe5 Ng7 18. Bxa7 Ra8 19. Bc5 Be6 20. Bc4 Re8 21. Rad1 Qc8 22.
Ne4 Nc6 23. Nf6 Na5 24. Bxe6 Rxe6 25. Qe3 b6 26. Qh6 Rxf6 27. exf6 Nf5 28. Qc1 bxc5 29. Qxc5 Nb7 30. Qd5 Nbd6 31. Qd2 Rxa2 32. g4 Nc4 33. Qg5 h6 34. Qc1 Nh4 35. Qxh6+ 1-0

[Event "Live Chess"]
[Site "Chess.com"]
[Date "2023.05.20"]
[Round "-"]
[White "elizaveta_frundina"]
[Black "MaximKris"]
[Result "1/2-1/2"]
[WhiteElo "1576"]
[BlackElo "1856"]
[TimeControl "300"]
[EndTime "12:29:47 PDT"]
[Termination "Game drawn - insufficient material"]

1. e4 e5 2. Nf3 Nc6 3. d4 exd4 4.
Nxd4 Nxd4 5. Qxd4 Qf6 6. e5 Qb6 7. Be3 Qxd4 8. Bxd4 Ne7 9. Nc3 Nc6 10. Rd1 Nxd4 11.
Rxd4 Bc5 12. Rc4 Bb6 13. Nd5 Kd8 14. Nxb6 axb6 15. a3 Re8 16. f4 d6 17. Rd4 f6 18.
Be2 fxe5 19. fxe5 Rxe5 20. Kd2 Raa5 21. Rf1 Rad5 22. Rxd5 Rxd5+ 23. Kc1 Rf5 24. Rxf5 Bxf5 25. Kd2 Be4 26. g3 Ke7 27. c3 Ke6 28. Ke3 d5 29. c4 c6 30. cxd5+ cxd5 31. Kd4 g5 32. Bg4+ Kd6 33. h4 h6 34. hxg5 hxg5 35. b4 Bg6 36. Bf3 Bf5 37. Bxd5 Bc8 38. a4 Bd7 39. a5 bxa5 40.
bxa5 Bc6 41. Bxc6 Kxc6 42. Kc4 g4 43. Kb4 b5 44. axb6 Kxb6 45. Kc4 Kc6 46. Kd4 Kd6 47. Ke4 Ke6 48. Kf4 Kf6 49. Kxg4 Kg6 50. Kf4 Kf6 51.
g4 Kg6 52. g5 Kg7 53. Kf5 Kf7 54. g6+ Kg7 55. Ke6 Kxg6 1/2-1/2

[Event "Live Chess"]
[Site "Chess.com"]
[Date "2023.05.20"]
[Round "-"]
[White "RoaringKnights"]
[Black "Hacker_2009"]
[Result "0-1"]
[WhiteElo "966"]
[BlackElo "1913"]
[TimeControl "300"]
[EndTime "12:29:50 PDT"]
[Termination "Hacker_2009 won by checkmate"]

1. e4 c5 2. Bc4 d6 3. Nf3 Nf6 4. e5 dxe5 5. Nxe5 Qc7 6. d4 cxd4 7.
Qxd4 e6 8. Bf4 Bd6 9. Bb5+ Ke7 10. Nd2 Nd5 11. Nd3 Nxf4 12. Nxf4 Bxf4 13. Qxg7 Be5 14. Qg5+ Bf6 15. Qh6 Qe5+ 16. Be2 Rd8 17. c3 Bg5 18. Qxh7 Bxd2+ 19. Kf1 Bg5 20. g3 Nc6 21. f4 Qd5 22.
Rg1 Bf6 23. Rd1 Qc5 24. Rxd8 Nxd8 25. g4 Qe3 26. g5 Qxf4+ 27. Ke1 Bxg5 28. Bh5 Qd2+ 29.
Kf1 Be3 30. Rh1 Qf2# 0-1

[Event "Live Chess"]
[Site "Chess.com"]
[Date "2023.05.20"]
[Round "-"]
[White "HoarseyHorsey"]
[Black "diana21strabt"]
[Result "0-1"]
[WhiteElo "1395"]
[BlackElo "1674"]
[TimeControl "300"]
[EndTime "12:29:54 PDT"]
[Termination "diana21strabt won on time"]

1. d4 Nf6 2. c4 g6 3. f3 Bg7 4.
e4 d6 5. Nc3 Nbd7 6. Nh3 O-O 7.
Nf2 e5 8. d5 a5 9. Be3 b6 10.
g4 Nc5 11. h4 h5 12. g5 Nfd7 13. Be2 f6 14. gxf6 Qxf6 15. Bg5 Qf7 16. Qd2 Nb7 17.
O-O-O a4 18. a3 Ndc5 19. Kb1 Nb3 20. Qe3 N7c5 21. Rdg1 Nd4 22. Bd1 Nxf3 23. Bxf3 Qxf3 24. Qxf3 Rxf3 25. Nfd1 Bg4 26. Rf1 Raf8 27. Rxf3 Bxf3 28. Rf1 Bxd1 29. Rxd1 Kh7 30. Rd2 Bh6 31. Bxh6 Kxh6 32.
Re2 Rf4 33. b4 Nb3 34. Rh2 Rf3 35. Kb2 Nd4 36. Nxa4 Rb3+ 37. Ka2 Re3 38. c5 bxc5 39. bxc5 Rxe4 40. Nc3 Rg4 41. cxd6 cxd6 42. a4 Nf3 43. Rf2 Nxh4 44. a5 Rc4 45. Rf6 Rxc3 46. Rxd6 Rc5 47. a6 Nf5 48. Rc6 Ra5+ 49. Kb3 Rxd5 50.
a7 Ra5 51. Rc7 Nd4+ 52. Kb4 Ra6 53. Kc4 Nc6 54. Kc5 Nxa7 0-1

[Event "Live Chess"]
[Site "Chess.com"]
[Date "2023.05.20"]
[Round "-"]
[White "Richardallis"]
[Black "Delacorta"]
[Result "1-0"]
[WhiteElo "1758"]
[BlackElo "1418"]
[TimeControl "300"]
[EndTime "12:29:55 PDT"]
[Termination "Richardallis won by resignation"]

1. d4 e6 2. Nf3 f5 3. Bg5 Nf6 4. Nbd2 Be7 5. Bxf6 Bxf6 6. e4 fxe4 7. Nxe4 O-O 8. Bd3 d5 9. Ng3 Qe8 10. O-O Nd7 11. Re1 Qd8 12. c3 Nb6 13. Rc1 Nc4 14.
Bb1 Nxb2 15. Qc2 1-0

[Event "Live Chess"]
[Site "Chess.com"]
[Date "2023.05.20"]
[Round "-"]
[White "OleksiyJr1"]
[Black "TheSmoulderingMaster"]
[Result "0-1"]
[WhiteElo "933"]
[BlackElo "1731"]
[TimeControl "300"]
[EndTime "12:30:00 PDT"]
[Termination "TheSmoulderingMaster won by resignation"]

1. e4 c5 2. Nf3 d6 3. Nc3 Nc6 4. d4 cxd4 5. Nxd4 Nf6 6. Bb5 Bd7 7. O-O g6 8. h3 Bg7 9. Bg5 O-O 10. Bxf6 Bxf6 11.
Nxc6 bxc6 12. Bxc6 Bxc6 13. Nd5 Bxb2 14. Rb1 Bg7 0-1

[Event "Live Chess"]
[Site "Chess.com"]
[Date "2023.05.20"]
[Round "-"]
[White "Judgen68"]
[Black "raminguy"]
[Result "1-0"]
[WhiteElo "1496"]
[BlackElo "1974"]
[TimeControl "300"]
[EndTime "12:30:08 PDT"]
[Termination "Judgen68 won - game abandoned"]

1. d4 d5 2. c4 e6 3. Nc3 a6 4. cxd5 exd5 5. Nf3 Nf6 6. Bg5 Be7 7. e3 O-O 8. Bd3 c6 9. h4 h6 10. Ne5 Nbd7 11.
Qf3 Nxe5 12. dxe5 Ng4 13. Bf4 f6 14. e6 Bxe6 15. O-O-O Ne5 16. Qg3 Nxd3+ 17. Rxd3 Qe8 18. Bxh6 Qf7 19. Ne2 Kh7 20. Bf4 Bf5 21. Rb3 Bc5 22. h5 Qe7 23. h6 g6 24. Nd4 1-0

[Event "Live Chess"]
[Site "Chess.com"]
[Date "2023.05.20"]
[Round "-"]
[White "LiamBellwood"]
[Black "DerbyKnight"]
[Result "1-0"]
[WhiteElo "2057"]
[BlackElo "1628"]
[TimeControl "300"]
[EndTime "12:30:09 PDT"]
[Termination "LiamBellwood won by resignation"]

1. d4 d5 2. Nc3 Nf6 3. Bf4 c5 4. e3 Bg4 5. f3 Bd7 6. dxc5 e6 7. Bd6 Bxd6 8. cxd6 Qa5 9. Bd3 a6 10.
Ne2 Qb6 11. O-O Qxe3+ 12. Kh1 Qb6 13. Ng3 Qxd6 14. Re1 O-O 15. a4 Nc6 16. Qe2 Nd4 17. Qe3 Nc6 18. Qg5 h6 19. Qd2 Nb4 20. Bf1 Rac8 21.
Nce4 Nxe4 22. Nxe4 Qe7 23. Nc3 a5 24. Nxd5 Nxd5 25.
Qxd5 Rxc2 26. Qxb7 Rfc8 27. Rad1 R8c7 28. Qb8+ Kh7 29.
Bd3+ g6 30. Bxc2 Rxc2 31. Qb7 Qc5 32. Qxd7 Kg7 33. Qd4+ 1-0

[Event "Live Chess"]
[Site "Chess.com"]
[Date "2023.05.20"]
[Round "-"]
[White "martynstanley"]
[Black "zdanevych"]
[Result "0-1"]
[WhiteElo "989"]
[BlackElo "1514"]
[TimeControl "300"]
[EndTime "12:30:11 PDT"]
[Termination "zdanevych won by checkmate"]

1. d4 d5 2. e3 c5 3. Bd3 cxd4 4. exd4 Nc6 5. c3 Nf6 6. f4 Bg4 7. Nf3 e6 8. O-O Bd6 9. Qe1 Qc7 10. Ne5 h6 11. Be2 Bxe2 12. Qxe2 O-O 13. Rf3 Ne4 14. Rh3 Qb6 15. Nd2 Nxe5 16. fxe5 Bxe5 17. Nxe4 dxe4 18. Qxe4 Bf6 19. Bxh6 Qc6 20. Qg4 Qd5 21. Bxg7 Bxg7 22. Qh5 f5 23. Qh7+ Kf7 24. Qh5+ Ke7 25. Re1 Kd6 26.
Qg6 Bf6 27. Rh6 Rae8 28. h3 Bd8 29. g4 fxg4 30. Rxe6+ Rxe6 31. Qxe6+ Qxe6 32. Rxe6+ Kxe6 33. hxg4 Rg8 34. Kg2 Rxg4+ 35. Kf2 Bh4+ 36. Ke2 Rg2+ 37. Kd3 Rxb2 38. a4 Ra2 39. Kc4 Rxa4+ 40. Kc5 a6 41. c4 Kd7 42. Kd5 Kc7 43. c5 Bf2 44. Ke5 Bxd4+ 45. Ke4 Bxc5+ 46. Kd5 Ba7 47. Ke6 Rc4 48.
Kf7 Rc5 49. Kg6 b5 50. Kf6 b4 51. Kg6 b3 52. Kf6 b2 53. Kg6 b1=Q+ 54. Kf6 Rc2 55. Kg5 Qd1 56. Kf5 Re2 57. Kf4 Qf1+ 58. Kg3 Rg2+ 59.
Kh3 Qh1# 0-1

[Event "Live Chess"]
[Site "Chess.com"]
[Date "2023.05.20"]
[Round "-"]
[White "SirEntrails"]
[Black "omisoc"]
[Result "0-1"]
[WhiteElo "537"]
[BlackElo "2198"]
[TimeControl "300"]
[EndTime "12:30:33 PDT"]
[Termination "omisoc won by checkmate"]

1. e4 b6 2. Nf3 Bb7 3. Bd3 e6 4. Nc3 g6 5. Bc4 Bg7 6. d3 Ne7 7.
Bg5 h6 8. Bxe7 Qxe7 9. O-O O-O 10. d4 d6 11. e5 Nd7 12. exd6 cxd6 13. Nb5 Rfc8 14. b3 a6 15. Nc3 d5 16. Bd3 Rxc3 17.
Qe2 Rac8 18. Nh4 Qxh4 19. g3 Qxd4 20. Rae1 b5 21. h4 Ne5 22. a4 Nxd3 23. cxd3 Rxd3 24. axb5 axb5 25. b4 Rxg3+ 26. Kh2 Qxh4# 0-1

[Event "Live Chess"]
[Site "Chess.com"]
[Date "2023.05.20"]
[Round "-"]
[White "KeithArkell"]
[Black "djw60"]
[Result "1-0"]
[WhiteElo "2615"]
[BlackElo "2111"]
[TimeControl "300"]
[EndTime "12:30:37 PDT"]
[Termination "KeithArkell won by resignation"]

1. d4 Nf6 2. Nf3 e6 3. c4 c5 4. d5 d6 5. Nc3 exd5 6. cxd5 a6 7.
a4 g6 8. Nd2 Bg7 9. Nc4 O-O 10.
Bf4 Ne8 11. g3 Qe7 12. Bg2 Nd7 13. O-O Ne5 14. Bxe5 Bxe5 15. Nxe5 Qxe5 16. a5 Bd7 17. e4 Nc7 18. Re1 Nb5 19. Na4 Rae8 20. Nb6 Bc8 21. Nc4 Qe7 22. e5 Qd8 23. Qd2 dxe5 24.
Rxe5 Rxe5 25. Nxe5 Nd4 26. Ra3 Re8 27. Re3 f6 28.
Nc4 Bg4 29. Rxe8+ Qxe8 30. d6 Bf3 31. Qe3 Qc6 32. d7 Qxd7 33. Bxf3 Nxf3+ 34. Qxf3 1-0

[Event "Live Chess"]
[Site "Chess.com"]
[Date "2023.05.20"]
[Round "-"]
[White "gmnorfolk"]
[Black "viktorskliarov"]
[Result "0-1"]
[WhiteElo "2053"]
[BlackElo "2651"]
[TimeControl "300"]
[EndTime "12:30:44 PDT"]
[Termination "viktorskliarov won by resignation"]

1. d4 Nf6 2. c4 e6 3. Nf3 b6 4.
g3 Bb7 5. Bg2 Be7 6. Nc3 O-O 7.
O-O Ne4 8. Bd2 Nxc3 9. Bxc3 d6 10. Rc1 Nd7 11. Re1 f5 12. Nd2 Bxg2 13. Kxg2 f4 14. e3 fxg3 15. hxg3 Qe8 16. Qg4 Qf7 17. f4 Nf6 18. Qf3 c5 19. dxc5 bxc5 20. Rh1 Qg6 21. Rh3 h6 22. b3 a5 23. Bxf6 Bxf6 24. Ne4 Be7 25. Rd1 Rad8 26. Qh5 Qxe4+ 0-1

[Event "Live Chess"]
[Site "Chess.com"]
[Date "2023.05.20"]
[Round "-"]
[White "LodeshChess"]
[Black "Ian-Morley"]
[Result "0-1"]
[WhiteElo "1000"]
[BlackElo "1003"]
[TimeControl "300"]
[EndTime "12:30:48 PDT"]
[Termination "Ian-Morley won by resignation"]

1. e4 d5 2. exd5 Qxd5 3. Nc3 Qd8 4. Nf3 Nf6 5. d4 e6 6. Bd3 Bb4 7. Bd2 Bxc3 8. Bxc3 O-O 9. Bd2 c6 10. c3 Nbd7 11. O-O Qe7 12. Re1 Nd5 13. Bxh7+ Kxh7 14. Ng5+ Kg8 15. Qh5 N5f6 16. Nf3 Nxh5 17. Bg5 Qd6 0-1

[Event "Live Chess"]
[Site "Chess.com"]
[Date "2023.05.20"]
[Round "-"]
[White "mikeybaby1986"]
[Black "thrithik"]
[Result "1-0"]
[WhiteElo "1288"]
[BlackElo "380"]
[TimeControl "300"]
[EndTime "12:30:49 PDT"]
[Termination "mikeybaby1986 won by checkmate"]

1. e4 d6 2. Nf3 e6 3. Bb5+ c6 4. Bc4 d5 5. exd5 exd5 6. Bb3 Qe7+ 7. Qe2 Bg4 8. O-O Bxf3 9. Qxf3 Qc5 10. Re1+ Be7 11.
Nc3 Nf6 12. d3 Qa5 13. Bg5 Ng8 14. Bxe7 Nxe7 15. Qe2 Nd7 16. Qxe7# 1-0

[Event "Live Chess"]
[Site "Chess.com"]
[Date "2023.05.20"]
[Round "-"]
[White "EdenHazard8"]
[Black "Ninifu"]
[Result "0-1"]
[WhiteElo "2089"]
[BlackElo "2015"]
[TimeControl "300"]
[EndTime "12:30:52 PDT"]
[Termination "Ninifu won by checkmate"]

1. e4 d5 2. exd5 Nf6 3. Nf3 Bg4 4. d4 Qxd5 5. Be2 Nc6 6. c4 Qf5 7. Be3 O-O-O 8. Nbd2 e5 9. d5 Nb4 10. O-O Nc2 11. Rc1 Nxe3 12. fxe3 Bc5 13. Qb3 Bxf3 14. Nxf3 e4 15. Nd4 Qg5 16. Nc2 h5 17. Qc3 Ng4 18.
Bxg4+ hxg4 19. b4 Bd6 20. g3 Qh5 21. Qd2 Bxg3 22. Rf2 Bxf2+ 23. Qxf2 Rd6 24. Nd4 g3 25. Qf5+ Qxf5 26. Nxf5 gxh2+ 27. Kh1 Rf6 28. Ng3 Rf3 29. Nxe4 Rxe3 30. Nc3 g5 31. c5 g4 32. d6 c6 33. b5 g3 34. bxc6 bxc6 35. d7+ Kxd7 36. Rd1+ Ke7 37. Nb1 Rh4 38. Nd2 Rf4 39. Kg2 Rf2+ 40. Kh1 Rxd2 41. Rxd2 Re1+ 42. Kg2 h1=Q+ 43. Kxg3 Qg1+ 44. Kf3 Re3+ 45. Kf4 Qg3+ 46. Kf5 Re5# 0-1

[Event "Live Chess"]
[Site "Chess.com"]
[Date "2023.05.20"]
[Round "-"]
[White "mpersander"]
[Black "SavagePawn7"]
[Result "1-0"]
[WhiteElo "999"]
[BlackElo "792"]
[TimeControl "300"]
[EndTime "12:30:57 PDT"]
[Termination "mpersander won by resignation"]

1. e4 d5 2. exd5 Nf6 3. c4 e6 4. dxe6 Bxe6 5. d4 Bb4+ 6. Bd2 Bxd2+ 7. Qxd2 Qe7 8. d5 Bxd5+ 9. Be2 Bxc4 10. Nf3 Bxe2 11.
Qxe2 Qxe2+ 12. Kxe2 O-O 13. Nc3 Re8+ 14. Kd3 Nc6 15. Kc2 Rad8 16. Rad1 Rxd1 17. Rxd1 a6 18. Nd4 Nxd4+ 19. Rxd4 c5 20. Rc4 b6 21. f3 g6 22.
Ne4 Nxe4 23. Rxe4 Rxe4 24. fxe4 Kg7 25. Kd3 Kf6 26. g4 Ke5 27. h4 f6 28. a3 f5 29.
exf5 gxf5 30. g5 f4 31. h5 Kf5 32. g6 hxg6 33. h6 f3 34. Ke3 Kg5 35. h7 f2 36. Kxf2 1-0

[Event "Live Chess"]
[Site "Chess.com"]
[Date "2023.05.20"]
[Round "-"]
[White "BillythekidFellowes"]
[Black "ChippyChill"]
[Result "1-0"]
[WhiteElo "2021"]
[BlackElo "422"]
[TimeControl "300"]
[EndTime "12:30:58 PDT"]
[Termination "BillythekidFellowes won by resignation"]

1. e4 d5 2. exd5 Qxd5 3. Nc3 Qe5+ 4. Qe2 Qxe2+ 5. Bxe2 Bf5 6. d4 Bxc2 7. Bf4 Na6 8.
Bxa6 bxa6 9. Rc1 Bf5 10. Nd5 O-O-O 11. Rxc7+ 1-0

[Event "Live Chess"]
[Site "Chess.com"]
[Date "2023.05.20"]
[Round "-"]
[White "Bob2pen"]
[Black "MarkLim1"]
[Result "1/2-1/2"]
[WhiteElo "1782"]
[BlackElo "1680"]
[TimeControl "300"]
[EndTime "12:31:22 PDT"]
[Termination "Game drawn by stalemate"]

1. e4 e6 2. d4 d5 3. Nc3 Nf6 4. Bg5 dxe4 5. Nxe4 Nbd7 6. Nf3 h6 7. Bxf6 Nxf6 8. Ng3 c5 9. dxc5 Qxd1+ 10. Rxd1 Bxc5 11. Bb5+ Bd7 12. Bxd7+ Nxd7 13. O-O Ke7 14. c3 Rhd8 15.
Ne4 Bb6 16. Nfd2 Nf6 17. Nxf6 Kxf6 18. Nc4 Bc5 19. g3 b5 20. Ne3 Bxe3 21. fxe3+ Ke7 22.
Kf2 Rd6 23. Rxd6 Kxd6 24. Kf3 Rc8 25. Ke4 Rc4+ 26. Kd3 f6 27. Rf4 Rc5 28. Rd4+ Rd5 29. Ke4 Rxd4+ 30. exd4 a5 31. b3 g5 32. c4 f5+ 33. Ke3 bxc4 34. bxc4 h5 35. h4 gxh4 36. gxh4 e5 37. dxe5+ Kxe5 38. c5 Kd5 39. Kf4 Kxc5 40. Kxf5 Kd5 41. Kg5 Ke5 42. Kxh5 Kf5 43. Kh6 Kf6 44. h5 Kf7 45. Kg5 Kg7 46. Kf5 Kh6 47. Ke5 Kxh5 48. Kd5 Kg5 49. Kc5 Kf6 50. Kb5 Ke7 51.
Kxa5 Kd8 52. Kb6 Kc8 53. Ka7 Kc7 54. a4 Kc8 55. Ka8 Kc7 56. a5 Kc8 57. a6 Kc7 58. a7 Kc8 1/2-1/2

[Event "Live Chess"]
[Site "Chess.com"]
[Date "2023.05.20"]
[Round "-"]
[White "smoggyrabbit"]
[Black "TobyQuaite"]
[Result "1-0"]
[WhiteElo "1661"]
[BlackElo "1684"]
[TimeControl "300"]
[EndTime "12:31:22 PDT"]
[Termination "smoggyrabbit won by resignation"]

1. d4 e6 2. Nf3 Nf6 3. e3 c5 4.
Bd3 d5 5. b3 Nc6 6. O-O Bd6 7.
Bb2 O-O 8. Nbd2 Qc7 9. dxc5 Bxc5 10. Bxf6 gxf6 11. Nh4 Bd6 12. f4 e5 13. Nf5 Bxf5 14. Bxf5 exf4 15. Qg4+ Kh8 16. Qh5 1-0

[Event "Live Chess"]
[Site "Chess.com"]
[Date "2023.05.20"]
[Round "-"]
[White "1600x"]
[Black "Salpingidis"]
[Result "1/2-1/2"]
[WhiteElo "1728"]
[BlackElo "2284"]
[TimeControl "300"]
[EndTime "12:31:23 PDT"]
[Termination "Game drawn by repetition"]

1. Nc3 e6 2. d4 d5 3. Qd3 Nf6 4. e4 dxe4 5. Nxe4 Nbd7 6. Nxf6+ Nxf6 7. Nf3 Be7 8. Be2 O-O 9. O-O b6 10. c4 Bb7 11. Ne5 c5 12. dxc5 bxc5 13. Qxd8 Rfxd8 14. Nd3 Rd4 15. Be3 Rxc4 16. Ne5 Rc2 17. Bd1 Rxb2 18. Nd3 Rb6 19. Bxc5 Bxc5 20. Nxc5 Bd5 21. Bb3 Rc8 22. Rfc1 Bxb3 23. axb3 Rbc6 24. b4 a6 25. Rcb1 h6 26.
Rxa6 Nd5 27. Rxc6 Rxc6 28. g3 Nxb4 29. Nxe6 Rxe6 30. Rxb4 Kh7 31. Rb7 Kg6 32. g4 Ra6 33. Kg2 Ra3 34. h4 Kf6 35. f3 Kg6 36. Rb6+ Kh7 37. Kg3 g6 38. Kf4 Kg7 39. Kg3 Ra4 40. Rb5 Rc4 41. Ra5 Rb4 42. Ra7 Rc4 43. Rd7 Rb4 44.
Rd5 Rc4 45. h5 gxh5 46. Rxh5 Rb4 47. Kf2 Rb3 48. Kg3 Rb4 49. Kf2 Rb3 50. Kg3 Rb4 1/2-1/2

[Event "Live Chess"]
[Site "Chess.com"]
[Date "2023.05.20"]
[Round "-"]
[White "omisoc"]
[Black "amazinggoalkeeper"]
[Result "1-0"]
[WhiteElo "2198"]
[BlackElo "499"]
[TimeControl "300"]
[EndTime "12:31:30 PDT"]
[Termination "omisoc won by resignation"]

1. b3 e5 2. e3 d5 3. g3 f5 4. Bb2 c5 5. Bxe5 Ke7 6. Bb2 d4 7. exd4 cxd4 8. Nf3 d3 9. Bxd3 Bd7 10. O-O Qc7 11. Re1+ 1-0